AoeStats
← Matx108

Arena

510446463Analyzed
2v2 RM · 11h ago on Oct 1, 2026· 55m 30s· 4 players
Game mode
Random Map
Map size
Medium (4 player)
Population
200
Speed
Normal
Resources
Standard
Victory
Conquest
Starting age
Dark Age
Ending age
Imperial Age
RankedLock teamsTeams togetherTeam positionsShared explorationLock speedFull tech treeHidden civsTurbo modeCheats
Victory
Defeat
🇺🇸 Wei · United States
670
+23
🇺🇸 Turks · United States
583
+18
🇨🇱 Inca · Chile
642
-17
🇨🇱 Slavs · Chile
597
-15
Matx108
6:57 Loom
9:39 Feudal Age
17:17 Castle Age
15:13 Horse Collar
15:29 Double-Bit Axe
18:26 Stone Mining
18:41 Heavy Plow
18:53 Bow Saw
19:02 Gold Mining
20:49 Gold Shaft Mining
22:00 Murder Holes
24:32 Ballistics
25:31 Detinets
32:11 Imperial Age
34:47 Crop Rotation
35:19 Two-Man Saw
35:24 Onager
37:46 Forging
37:42 Scale Barding Armor
40:39 Wheelbarrow
40:15 Siege Engineers
41:51 Chain Barding Armor
42:08 Iron Casting
46:10 Elite Boyar
Rigby
11:47 Feudal Age
12:21 Double-Bit Axe
13:53 Gold Mining
18:21 Castle Age
17:21 Horse Collar
21:06 Bow Saw
23:16 Heavy Plow
25:30 Stone Mining
26:16 Gold Shaft Mining
28:32 Stone Shaft Mining
28:21 Town Watch
29:15 Wheelbarrow
29:57 Loom
34:33 Imperial Age
31:56 Champi Runner
33:14 Andean Sling
36:24 Crop Rotation
35:27 Champi Warrior
36:24 Forging
36:14 Scale Mail Armor
36:14 Padded Archer Armor
36:07 Fletching
36:55 Elite Kamayuk
38:44 Hand Cart
40:56 Elite Skirmisher
42:36 Crossbowman
43:22 Thumb Ring
43:40 Onager
45:47 Town Patrol
47:02 Hoardings
46:31 Fabric Shields
45:59 Elite Champi Warrior
47:17 Iron Casting
46:58 Chain Mail Armor
46:59 Leather Archer Armor
46:40 Bodkin Arrow
46:36 Arson
53:13 Pikeman
PaulboBaggins
13:22 Feudal Age
13:55 Double-Bit Axe
13:54 Horse Collar
14:08 Gold Mining
14:09 Stone Mining
19:17 Wheelbarrow
18:31 Loom
21:13 Town Watch
24:09 Castle Age
24:41 Bloodlines
24:42 Scale Barding Armor
24:48 Forging
25:24 Heavy Plow
25:38 Bow Saw
26:09 Gold Shaft Mining
27:28 Caravan
28:48 Stone Shaft Mining
29:10 Hand Cart
37:46 Imperial Age
35:39 Tuntian
37:36 Husbandry
39:20 Crop Rotation
43:05 Conscription
43:14 Ming Guang Armor
43:26 Hoardings
43:28 Town Patrol
54:55 Iron Casting
About95babys
12:48 Feudal Age
19:35 Castle Age
17:25 Horse Collar
17:55 Double-Bit Axe
18:26 Gold Mining
19:37 Wheelbarrow
28:50 Imperial Age
26:56 Padded Archer Armor
29:10 Leather Archer Armor
30:08 Conscription
29:32 Elite Janissary
55:41 Caravan
Connection lost

Rejoining the realm…

Still unreachable

The connection could not be restored.

Session expired

The server has moved on; the page needs a fresh start.